 Dungeon Crawl Stone Soup version 0.31-a0-968-g24f9ace8b5 (webtiles) character file.

Game seed: 834104058390967608

971018 wingedge the Conqueror (level 27, -11/245 HPs)
             Began as a Minotaur Monk on Oct 25, 2023.
             Was the Champion of Okawaru.
             Mangled by a shard shrike (14 damage)
             ... on level 7 of Cocytus on Oct 28, 2023.
             The game lasted 05:47:26 (90184 turns).

wingedge the Conqueror (Minotaur Monk)             Turns: 90184, Time: 05:47:26

Health: -11/245    AC: 56    Str: 29    XL:     27
Magic:  33/33      EV: 18    Int: 12    God:    Okawaru [******]
Gold:   8271       SH: 28    Dex: 17    Spells: 26/26 levels left

rFire   + + .        a - +9 broad axe (spect)
rCold   + + +        t - +4 tower shield "Mezeat" {rF+ Will++ Str+2}
rNeg    . . .        P - +12 crystal plate armour "Lyeffin" {rElec}
rPois   .            O - +2 hat {Int+3}
rElec   +            n - scarf of Xoazxoir {harm, rElec rC+ Int+3}
rCorr   .            y - +3 pair of gauntlets of War {Slay+5}
SInv    +            X - +2 pair of boots {Stlth+}
Will    +++++        s - dreamdust necklace {Acrobat} Stlth
                     B - ring of Linearity {rF+ rC++ Int-3 Dex+3 SInv}
HPRegen 0.60/turn    f - ring of flight
MPRegen 0.23/turn

%: harm (+30% outgoing, +20% incoming), acrobat
@: about to teleport, marked, flying, studying 4 skills, unable to drink
A: horns 2, retaliatory headbutt, claws 1, iridescent scales 2, see invisible,
frail 1, strong-willed 1, subdued magic 1, sturdy frame 1
}: 10/15 runes: decaying, serpentine, slimy, silver, abyssal, demonic, glowing,
magical, fiery, dark
a: Renounce Religion, Heroism, Finesse, Duel


You were on level 7 of Cocytus.
You worshipped Okawaru.
Okawaru was exalted by your worship.
You visited 14 branches of the dungeon, and saw 63 of its levels.
You visited Pandemonium 1 time, and saw 15 of its levels.
You visited the Abyss 2 times.
You also visited: Ossuary, Gauntlet, Ice Cave, Volcano and Wizlab.

You collected 11731 gold pieces.
You spent 3460 gold pieces at shops.

Inventory:

Hand Weapons
 a - a +9 spectral broad axe (weapon)
 b - a +9 broad axe of flaming
 c - the +9 broad axe of the Stopping Gods {venom, +Blink}
   (You found it on level 5 of the Pits of Slime)

   +Blink:    It lets you blink.
 d - the +7 broad axe of Zuihoaru {flame, +Blink rElec rF+ Will+}
   (Okawaru gifted it to you on level 1 of the Lair of Beasts)

   rF+:       It protects you from fire.
   rElec:     It insulates you from electricity.
   Will+:     It increases your willpower.
   +Blink:    It lets you blink.
Missiles
 q - 23 silver javelins (quivered)
 r - 64 boomerangs
 L - a throwing net
Armour
 n - the scarf of Xoazxoir (worn) {harm, rElec rC+ Int+3}
   (You acquired it in Pandemonium)

   Int+3:     It affects your intelligence (+3).
   rC+:       It protects you from cold.
   rElec:     It insulates you from electricity.
 o - +11 gold dragon scales
 t - the +4 tower shield "Mezeat" (worn) {rF+ Will++ Str+2}
   (You took it off a daeva in Pandemonium)

   Str+2:     It affects your strength (+2).
   rF+:       It protects you from fire.
   Will++:    It greatly increases your willpower.
 y - the +3 pair of gauntlets of War (worn) {Slay+5}
   (You found it in a Gauntlet)

   Slay+5:    It affects your accuracy & damage with ranged weapons and melee
   (+5).
 A - the +0 pair of gloves "Luptis" {*Corrode rF+++ Dex+3 SInv}
   (Okawaru gifted it to you on level 1 of the Lair of Beasts)

   Dex+3:     It affects your dexterity (+3).
   rF+++:     It renders you almost immune to fire.
   SInv:      It lets you see invisible.
   *Corrode:  It may corrode you when you take damage.
 M - a +5 kite shield of positive energy
 O - a +2 hat of intelligence (worn)
 P - the +12 crystal plate armour "Lyeffin" (worn) {rElec}
   (You found it in Pandemonium)

   rElec:     It insulates you from electricity.
 Q - the +9 tower shield of Somewhere Else {Str+3}
   (You took it off a daeva in Pandemonium)

   Str+3:     It affects your strength (+3).
 X - a +2 pair of boots of stealth (worn)
Jewellery
 f - a ring of flight (right hand)
 s - the dreamdust necklace (around neck) {Acrobat}
   (You found it on level 5 of the Vaults)

   [amulet of the acrobat]

   Acrobat:   It increases your evasion while moving and waiting.
 u - the ring "Jiap" {Fire *Slow Str-2 Slay+5 Stlth+}
   (You found it in a wizard's laboratory)

   [ring of fire]

   Fire:      It enhances your fire magic.
   Str-2:     It affects your strength (-2).
   Slay+5:    It affects your accuracy & damage with ranged weapons and melee
   (+5).
   rF+:       It protects you from fire.
   rC-:       It makes you vulnerable to cold.
   *Slow:     It may slow you when you take damage.
   Stlth+:    It makes you more stealthy.
 B - the ring of Linearity (left hand) {rF+ rC++ Int-3 Dex+3 SInv}
   (You acquired it on level 2 of the Orcish Mines)

   [ring of protection from fire]

   Int-3:     It affects your intelligence (-3).
   Dex+3:     It affects your dexterity (+3).
   rF+:       It protects you from fire.
   rC++:      It greatly protects you from cold.
   SInv:      It lets you see invisible.
 E - the ring of Xom's Sleight of Hands {+Blink rCorr Str+6 Int+4 Dex-5}
   (You found it on level 2 of the Crypt)

   [ring of strength]

   Str+6:     It affects your strength (+6).
   Int+4:     It affects your intelligence (+4).
   Dex-5:     It affects your dexterity (-5).
   +Blink:    It lets you blink.
   rCorr:     It protects you from acid and corrosion.
 V - the ring of Hyesen {rElec rF+ rC+ Stlth+}
   (You found it on level 5 of the Pits of Slime)

   [ring of protection from cold]

   rF+:       It protects you from fire.
   rC+:       It protects you from cold.
   rElec:     It insulates you from electricity.
   Stlth+:    It makes you more stealthy.
 W - the ring of Vuodecuu {rPois rCorr Str-3 Int-5 Slay+6}
   (You took it off a balrug in Pandemonium)

   [ring of resist corrosion]

   Str-3:     It affects your strength (-3).
   Int-5:     It affects your intelligence (-5).
   Slay+6:    It affects your accuracy & damage with ranged weapons and melee
   (+6).
   rPois:     It protects you from poison rCorr: It protects you from acid and
   corrosion.
Wands
 p - a wand of quicksilver (54)
 w - a wand of roots (42)
 C - a wand of digging (34)
 G - a wand of mindburst (77)
 J - a wand of paralysis (69)
Scrolls
 e - 7 scrolls of revelation
 i - 12 scrolls of immolation
 l - 13 scrolls of teleportation
 v - 18 scrolls of fear
 F - 9 scrolls of poison
 H - 4 scrolls of fog
 N - 5 scrolls of torment
 U - 3 scrolls of silence
Potions
 g - 8 potions of haste
 h - 22 potions of curing
 j - 6 potions of mutation
 k - 10 potions of enlightenment
 x - 11 potions of might
 z - a potion of heal wounds
 D - 5 potions of cancellation
 K - 2 potions of ambrosia
 S - 7 potions of resistance
 T - 10 potions of invisibility
 Z - 7 potions of berserk rage
Miscellaneous
 I - a phial of floods


   Skills:
 O Level 27 Fighting
 - Level 18.0 Axes
 O Level 27 Throwing
 + Level 24.4 Armour
 + Level 21.3 Dodging
 + Level 24.3 Shields
 - Level 15.0 Invocations
 - Level 10.0 Evocations
 - Level 23.0 Shapeshifting


You had 26 spell levels left.
You didn't know any spells.
Your spell library contained the following spells:

 Spells                   Type           Power      Damage    Failure   Level
 Apportation              Tloc           0%         N/A       87%         1
 Freeze                   Ice            0%         1d3       87%         1
 Kiss of Death            Conj/Necr      0%         2d5       87%         1
 Magic Dart               Conj           0%         1d3       87%         1
 Necrotise                Necr           0%         1d4       87%         1
 Sandblast                Erth           0%         2d4       87%         1
 Shock                    Conj/Air       0%         1d3       87%         1
 Slow                     Hex            0%         N/A       87%         1
 Sting                    Tmut/Pois      0%         1d3       87%         1
 Blink                    Tloc           0%         N/A       95%         2
 Cigotuvi's Dreadful Rot  Necr/Pois/Air  0%         N/A       95%         2
 Ensorcelled Hibernation  Hex/Ice        0%         N/A       95%         2
 Jinxbite                 Hex            0%         N/A       95%         2
 Lesser Beckoning         Tloc           0%         N/A       95%         2
 Momentum Strike          Conj/Tloc      0%         3d8       95%         2
 Passwall                 Tmut/Erth      0%         N/A       95%         2
 Scorch                   Fire           0%         2d5       95%         2
 Searing Ray              Conj           0%         2d4       95%         2
 Static Discharge         Conj/Air       0%         3-3/arc   95%         2
 Wereblood                Tmut           0%         N/A       95%         2
 Confusing Touch          Hex            0%         N/A       99%         3
 Dazzling Flash           Conj/Hex       0%         N/A       99%         3
 Frozen Ramparts          Ice            0%         1d1       99%         3
 Gell's Gravitas          Tloc           0%         N/A       99%         3
 Hailstorm                Conj/Ice       0%         3d3       99%         3
 Ignite Poison            Fire/Tmut/Pois 0%         N/A       99%         3
 Inner Flame              Hex/Fire       0%         N/A       99%         3
 Ozocubu's Armour         Ice            0%         N/A       99%         3
 Sigil of Binding         Hex            0%         N/A       99%         3
 Stone Arrow              Conj/Erth      0%         3d7       99%         3
 Swiftness                Air            0%         N/A       99%         3
 Teleport Other           Tloc           0%         N/A       99%         3
 Vampiric Draining        Necr           0%         2d6       99%         3
 Volatile Blastmotes      Fire/Tloc      0%         2d10      99%         3
 Airstrike                Air            0%         2d(0-16)  100%        4
 Anguish                  Hex/Necr       0%         N/A       100%        4
 Brom's Barrelling Bould  Conj/Erth      0%         2d3       100%        4
 Dimensional Bullseye     Hex/Tloc       0%         N/A       100%        4
 Dispel Undead            Necr           0%         3d6       100%        4
 Flame Wave               Conj/Fire      0%         2d4       100%        4
 Fulminant Prism          Conj/Hex       0%         3d5       100%        4
 Iskenderun's Mystic Bla  Conj/Tloc      0%         2d3       100%        4
 Leda's Liquefaction      Hex/Erth       0%         N/A       100%        4
 Manifold Assault         Tloc           0%         N/A       100%        4
 Olgreb's Toxic Radiance  Pois           0%         N/A       100%        4
 Passage of Golubria      Tloc           0%         N/A       100%        4
 Petrify                  Tmut/Erth      0%         N/A       100%        4
 Sticky Flame             Conj/Fire      0%         2d3       100%        4
 Agony                    Necr           0%         N/A       100%        5
 Alistair's Intoxication  Tmut/Pois      0%         N/A       100%        5
 Borgnjor's Vile Clutch   Necr/Erth      0%         N/A       100%        5
 Fireball                 Conj/Fire      0%         3d3       100%        5
 Freezing Cloud           Conj/Ice/Air   0%         6-21      100%        5
 Irradiate                Conj/Tmut      0%         3d11      100%        5
 Iskenderun's Battlesphe  Conj           0%         2d6       100%        5
 Lee's Rapid Deconstruct  Erth           0%         3d4*      100%        5
 Metabolic Englaciation   Hex/Ice        0%         N/A       100%        5
 Silence                  Hex/Air        0%         N/A       100%        5
 Yara's Violent Unravell  Hex/Tmut       0%         3d3       100%        5
 Bombard                  Conj/Erth      0%         9d1       100%        6
 Conjure Ball Lightning   Conj/Air       0%         3x3d6     100%        6
 Eringya's Noxious Bog    Tmut/Pois      0%         4d6       100%        6
 Starburst                Conj/Fire      0%         6d3       100%        6
 Orb of Destruction       Conj           0%         9d5       100%        7
 Ozocubu's Refrigeration  Ice            0%         4d7       100%        7
 Borgnjor's Revivificati  Necr           0%         N/A       100%        8
 Discord                  Hex            0%         N/A       100%        8
 Disjunction              Tloc           0%         N/A       100%        8
 Ignition                 Fire           0%         3d3       100%        8
 Lehudib's Crystal Spear  Conj/Erth      0%         10d2      100%        8
 Maxwell's Capacitive Co  Air            0%         ∞         100%        8
 Chain Lightning          Conj/Air       0%         N/A       100%        9
 Summon Small Mammal      Summ           Unusable   N/A       N/A         1
 Call Canine Familiar     Summ           Unusable   N/A       N/A         3
 Tukima's Dance           Hex            Unusable   N/A       N/A         3

Dungeon Overview and Level Annotations

Branches:
Dungeon (15/15)            Temple (1/1) D:4            Lair (5/5) D:10
  Swamp (4/4) Lair:3        Snake (4/4) Lair:3        Slime (5/5) Lair:5
    Orc (2/2) D:11            Elf (3/3) Orc:2        Vaults (5/5) D:13
  Crypt (3/3) Vaults:3       Tomb (0/3) Crypt:3      Depths (4/4) D:15
   Hell (visited)             Dis (0/7) Hell            Geh (0/7) Hell
    Coc (7/7) Hell            Tar (0/7) Hell            Zot (4/5) Depths:4
Ossuary (visited)           IceCv (visited)         Volcano (visited)
 WizLab (visited)         Gauntlet (visited)

Altars:
Ashenzari
Cheibriados
Dithmenos
Elyvilon
Fedhas
Gozag
Hepliaklqana
Kikubaaqudgha
Makhleb
Nemelex Xobeh
Okawaru
Qazlal
Ru
Sif Muna
Trog
Uskayaw
Vehumet
Wu Jian
Xom
Yredelemnul
Zin
The Shining One
Jiyva
Lugonu

Shops:
D:1 *   D:6 **   D:15 *   Orc:2 ?:!*!   Elf:1 (   Snake:2 (?(   Snake:3 =:=
Vaults:1 (   Vaults:3 (*   Vaults:4 *   Depths:2 [(!?*

Portals:
Hell: Depths:1 Depths:2 Depths:3 Depths:4
Abyss: Depths:2 Depths:3
Pandemonium: Depths:1 Depths:2 Depths:3
Ziggurat: Depths:2


Innate Abilities, Weirdness & Mutations

You have a pair of horns on your head.
You reflexively headbutt those who attack you in melee.
You have sharp fingernails.
You are mostly covered in iridescent scales. (AC +4)
You have supernaturally acute eyesight. (SInv)
You are frail. (-10% HP)
You are strong-willed. (Will+)
Your spells are a little easier to cast, but a little less powerful.
Your movements are slightly less encumbered by armour. (ER -2)


Message History

Your +9 spectral broad axe hits the elemental wellspring but does no damage.
Your +9 spectral broad axe hits the titan. x2
Your +9 spectral broad axe hits the shard shrike.
Your +9 spectral broad axe hits the titan!
Your +9 spectral broad axe misses the shard shrike.
Your +9 spectral broad axe hits the elemental wellspring!
You destroy the elemental wellspring!
Okawaru accepts your kill.
Your +9 spectral broad axe hits the titan but does no damage.
The shard shrike claws you but does no damage. x2
A titan comes into view.
The wendigo gestures.
The dire elephant simulacrum collapses into a mass of ice!
The mass of ice explodes!
The seracfall engulfs the titan!!!
The seracfall engulfs you. You partially resist.
* * * LOW HITPOINT WARNING * * *
The seracfall engulfs the shard shrike!!
The shard shrike partially resists.
The seracfall engulfs your +9 spectral broad axe!!!
Your +9 spectral broad axe partially resists.
Your spectral weapon shares its damage with you!
Your +9 spectral broad axe disappears.
* * * LOW HITPOINT WARNING * * *
The titan shouts!
You slice the titan!! You headbutt the titan!
The titan is almost dead.
You slash the shard shrike!
Your +9 spectral broad axe hits the titan!!
You kill the titan!
Okawaru accepts your kill.
Your +9 spectral broad axe barely misses the shard shrike.
The shard shrike spits a shard of ice at you.
You block the shard of ice.
The shard shrike claws you but does no damage.
You slash the shard shrike! You headbutt the shard shrike.
The shard shrike is heavily wounded.
Your +9 spectral broad axe barely misses the shard shrike.
Your +9 spectral broad axe completely misses the titan.
The shard shrike claws you!
You die...

##..≈≈≈≈≈≈≈≈...~~~~~~~,,,,,~~~~~~~~
##..≈≈≈≈≈≈≈≈≈.~~≈≈≈≈≈....,,~~~~~~~~
##..≈≈≈≈≈≈≈≈≈.~.≈≈≈.9...,~~~~~~~~~
#..≈≈≈≈≈≈≈≈≈...≈≈≈Z....,~~~~~~~~~ *
#...≈≈≈≈≈≈≈≈...≈≈≈R....~~~~~~~~,, #
#...≈≈≈≈≈≈≈≈...≈≈≈....≈~~~~~,,,,, #
##...≈≈≈≈≈≈≈.§§§§§...≈≈~~~~~,,,,, *
#...≈≈≈≈≈≈≈.§§§§§≈≈≈≈≈~~~,,,,,,, **
##...≈≈≈≈≈☼.b§@b§≈≈≈≈≈~,,,,,,,,, ,*
##...≈≈≈≈≈≈§§(§§≈≈≈≈≈~,,,,,,,,, ,**
##...≈≈≈≈≈§§C§§≈≈≈≈.,,,,,,,,,, ,,**
*,,,.≈≈≈≈≈R9.≈≈C≈≈1,,,,,,,,,, ,,,**
**,,..≈≈≈≈...≈≈≈≈.C,,,,,,,,,* ,,,,*
**,..≈≈≈≈≈.≈≈≈≈C..,,,,,,,*** ~,,,**
**...≈≈≈≈≈≈≈≈J9..,,,,,,,* * ~~,,,**
*#..≈≈≈≈≈≈C≈....,,,,,*,*** ~~~,,,**
*,,,~~~~~~,,,,,,,,,,*,,**


You could see a titan, 2 shard shrikes and a friendly +9 spectral broad axe.

Vanquished Creatures
  Cerebov (Arena)
  Dissolution (Slime:4)
  the Royal Jelly (Arena)
  Lom Lobon (Arena)
  A seraph (Arena)
  Mnoleg (Arena)
  Gloorx Vloq (Arena)
  3 dread liches
  5 ancient liches
  3 pandemonium lords
  A juggernaut (Depths:3)
  2 orbs of fire
  Mara (Depths:3)
  Mennas (Depths:4)
  A royal mummy (Crypt:3)
  16 shard shrikes
  6 Killer Klowns
  Vv (Arena)
  Frederick (Depths:3)
  9 golden dragons
  Xtahua (Crypt:1)
  Jory (Depths:4)
  A profane servitor (Crypt:3)
  Geryon (Hell)
  Nikola (Depths:2)
  2 pearl dragons (Pan)
  5 Tzitzimimeh
  2 bone dragons
  2 shard shrike zombies
  A hellephant (Abyss:4)
  3 Brimstone Fiends (Pan)
  A walking earthen tome (Depths:3)
  16 tentacled monstrosities
  2 electric golems
  A Hell Sentinel (Pan)
  18 Ice Fiends
  Asterion (Vaults:1)
  7 liches
  29 Executioners
  19 acid blobs
  2 sphinxes
  12 quicksilver dragons
  A walking divine tome (Depths:3)
  3 deep elf blademasters
  6 tentacled starspawn
  2 deep elf master archers (Elf:3)
  15 titans
  6 death cobs
  15 ancient champions
  An eldritch tentacle (Arena)
  Agnes (D:15)
  7 tengu reavers
  A thorn hunter (Swamp:4)
  17 storm dragons
  The ghost of Persephone the Executioner, an adept MiMo of Okawaru (Snake:1)
  3 draconian monks (Zot:1)
  6 revenants
  7 shadow dragons
  Kirke (D:13)
  Aizul (Arena)
  7 nagarajas
  9 azure jellies
  2 iron dragons (Vaults:5)
  14 frost giants
  4 draconian knights
  6 fire giants
  13 narguns
  7 demonspawn warmongers (Pan)
  25 daevas (Pan)
  14 rockslimes
  Louise (D:15)
  4 deep elf sorcerers
  6 draconian scorchers
  14 vault wardens
  23 balrugs
  7 deep elf elementalists
  6 curse skulls
  A caustic shrike zombie (Abyss:2)
  6 draconian shifters
  3 orc warlords
  9 shard shrike simulacra
  49 angels
  A ghost moth (Zot:4)
  9 reapers
  17 cacodemons
  5 draconian stormcallers
  8 war gargoyles
  10 draconian annihilators
  8 ghouls
  8 demonspawn corrupters (Pan)
  5 demonspawn blood saints (Pan)
  12 stone giants
  17 ophanim (Pan)
  2 juggernaut skeletons
  16 quicksilver oozes
  7 formless jellyfish
  3 caustic shrike skeletons (Crypt:2)
  23 ironbound preservers
  10 ironbound thunderhulks
  55 very ugly things
  14 green draconians
  4 eleionomae
  39 apis (Pan)
  22 elemental wellsprings
  12 black draconians
  10 red draconians
  15 deep elf annihilators
  8 demonspawn black suns (Pan)
  6 deep elf demonologists
  4 vampire knights
  13 white draconians
  17 yellow draconians
  3 purple draconians
  13 dire elephants
  A bunyip (Swamp:2)
  A minotaur (Gauntlet)
  A spark wasp (Depths:3)
  9 wendigos
  8 lorocyprocas
  A dire elephant (shapeshifter) (Vaults:5)
  A merfolk javelineer (Depths:3)
  7 blizzard demons
  13 deep elf death magi
  2 crystal guardians
  9 eidola
  13 fire dragons
  3 iron golems (Hell)
  9 jiangshi
  9 green deaths
  6 deep elf high priests
  2 mummy priests (Crypt:3)
  An entropy weaver (Vaults:1)
  6 ice dragons
  11 ettins
  2 shambling mangroves (Swamp:4)
  12 yaktaur captains
  10 hydras
  29 vault guards
  5 salamander tyrants
  13 great orbs of eyes
  11 rakshasas
  6 ironbound frosthearts
  4 hell beasts (Pan)
  An ogre mage (Vaults:5)
  13 caustic shrike simulacra
  Erolcha (D:9)
  8 alligators
  6 juggernaut simulacra
  2 spriggan air magi
  5 catoblepae
  11 anacondas
  7 peacekeepers
  4 centaur warriors
  3 death knights
  4 ghost crabs
  A radroach (shapeshifter) (Depths:1)
  6 two-headed ogres
  9 boulder beetles
  A hell hog (Hell)
  12 deep troll shamans
  7 tengu warriors
  7 deep troll earth magi
  6 death yaks (Lair:5)
  5 orc high priests
  A spectral dire elephant (Crypt:2)
  A quicksilver ooze zombie (Crypt:2)
  6 naga warriors
  4 spriggan berserkers
  11 vampire magi
  A thrashing horror (Abyss:3)
  6 occultists
  14 demonic crawlers
  11 naga sharpshooters
  3 sphinx skeletons
  25 dancing weapons
  9 shock serpents
  21 soul eaters
  6 wretched stars
  Sonja (D:11)
  A fire crab (Lair:5)
  16 sixfirhies
  13 hell knights
  12 shadow wraiths
  14 spriggans
  25 deep elf knights
  12 iron trolls
  51 sun demons
  4 titan skeletons
  A fire crab (shapeshifter) (Vaults:1)
  2 salamander mystics
  17 cherubim (Pan)
  2 skysharks (Lair:5)
  48 skeletal warriors
  2 spatial maelstroms (Abyss:3)
  8 naga ritualists
  5 sea snakes
  2 spriggan druids
  14 shadow demons (Pan)
  2 anaconda zombies (Crypt:3)
  A storm dragon skeleton (Pan)
  6 flayed ghosts
  8 swamp dragons
  14 deep elf archers
  6 quicksilver dragon simulacra
  61 deep trolls
  5 glowing orange brains
  An obsidian statue (IceCv)
  A spark wasp zombie (D:15)
  7 bog bodies
  3 orb spiders (shapeshifter)
  18 phantasmal warriors
  A fenstrider witch simulacrum (Coc:1)
  8 lindwurms
  11 arcanists
  2 spriggan simulacra
  10 necromancers
  14 ironbound convokers
  A swamp dragon (shapeshifter) (Vaults:1)
  A bunyip skeleton (Abyss:2)
  3 harpies (Vaults:2)
  12 mana vipers
  25 deep elf zephyrmancers
  16 orc knights
  A frost giant zombie (Crypt:2)
  40 ugly things
  2 wolf spiders
  37 deep elf pyromancers
  11 shining eyes
  4 manticores
  5 will-o-the-wisps
  12 salamanders
  3 worldbinders
  A moth of wrath (shapeshifter) (Vaults:1)
  21 moths of wrath
  8 cyclopes
  A stone giant skeleton (Hell)
  9 elephants
  5 alligator skeletons
  An eye of devastation (Slime:4)
  An ice statue (Coc:7)
  7 guardian serpents
  A naga zombie (Crypt:2)
  38 black mambas
  2 apocalypse crabs (Abyss:3)
  A frost giant skeleton (Vaults:1)
  3 titan simulacra
  2 molten gargoyles
  22 vault sentinels
  4 rust devils
  An iron dragon skeleton (Pan)
  15 gargoyles
  18 naga magi
  A storm dragon simulacrum (Coc:1)
  21 cane toads
  Maggie (D:9)
  A torpor snail (shapeshifter) (Vaults:1)
  An elephant slug zombie (Crypt:1)
  11 orange demons
  A dire elephant skeleton (Pan)
  2 rime drakes
  38 smoke demons
  24 freezing wraiths
  Psyche (D:8)
  A pale draconian zombie (Crypt:2)
  6 hellions
  A shock serpent skeleton (Crypt:1)
  Jeremiah (D:9)
  12 efreet
  2 unseen horrors (Abyss:4)
  33 yaktaurs
  7 tormentors
  6 anaconda simulacra
  An alligator snapping turtle skeleton (Pan)
  6 tengu conjurers
  An iron giant simulacrum (Coc:5)
  12 komodo dragons
  8 ice devils
  5 red devils
  2 bunyip simulacra
  3 guardian mummies (Crypt:3)
  A golden dragon simulacrum (IceCv)
  An ancient zyme (Abyss:2)
  26 hellwings
  2 polar bears
  9 trolls
  A harpy zombie (Hell)
  14 hornets
  11 tyrant leeches
  4 alligator simulacra (IceCv)
  2 iron dragon simulacra
  A fire dragon zombie (Crypt:2)
  2 spriggan zombies
  16 blink frogs
  3 glass eyes
  4 dream sheep (Lair:5)
  A harpy skeleton (Crypt:2)
  5 raiju
  A dream sheep (shapeshifter) (Zot:2)
  3 centaur simulacra
  An ettin zombie (Vaults:3)
  114 slime creatures
  A culicivora (shapeshifter) (D:15)
  5 flying skulls
  34 ynoxinuls
  An air elemental (Elf:2)
  A jumping spider (shapeshifter) (Vaults:1)
  An ettin skeleton (Pan)
  A culicivora (Vaults:1)
  A shadow (D:11)
  10 dire elephant simulacra
  A vampire (D:11)
  6 water elementals
  4 wyverns
  12 wraiths
  2 fire bats (Abyss:2)
  12 small abominations
  55 yaks
  3 ushabtiu (Crypt:3)
  5 hogs (D:13)
  2 black mamba skeletons
  16 golden eyes
  3 naga simulacra
  2 fire elementals
  3 minotaur simulacra (IceCv)
  20 starcursed masses
  A steam dragon (D:8)
  7 humans (Zot:3)
  5 basilisks
  33 neqoxecs
  12 chaos spawn
  2 vampire mosquitoes (D:15)
  22 harpy simulacra
  3 spatial vortices (Abyss:3)
  68 large abominations
  4 wargs
  35 nagas
  9 swamp worms
  A water nymph zombie (Crypt:1)
  An acid dragon (D:12)
  A merfolk zombie (Crypt:2)
  13 hell hounds (Hell)
  A faun skeleton (Crypt:3)
  A water moccasin (shapeshifter) (D:13)
  A demonspawn skeleton (Crypt:3)
  11 water moccasins
  6 hydra simulacra
  9 swamp drakes
  39 orc warriors
  A glowing shapeshifter skeleton (Vaults:1)
  7 ettin simulacra
  An ice dragon simulacrum (Gauntlet)
  5 ogres
  12 wolves
  A black mamba simulacrum (Coc:2)
  6 centaurs
  A swamp dragon skeleton (Crypt:1)
  A hog skeleton (Crypt:3)
  2 phantoms
  10 bullfrogs
  2 gnoll sergeants
  4 necrophages
  3 scorpions
  A water moccasin zombie (Crypt:2)
  6 earth elementals
  11 wights
  A deep troll simulacrum (IceCv)
  4 human skeletons
  A warg zombie (Crypt:2)
  A queen bee zombie (Crypt:2)
  4 killer bees (D:8)
  3 lindwurm simulacra (IceCv)
  8 howler monkeys
  2 polar bear skeletons (Crypt:1)
  A spriggan skeleton (Volcano)
  An electric eel (Snake:2)
  2 quasits
  4 troll skeletons (Volcano)
  2 crimson imps (Pan)
  3 bullfrog zombies (Ossuary)
  10 jellies
  2 lava snakes (Lair:3)
  2 centaur zombies
  2 human zombies
  42 orc priests
  4 hounds (D:5)
  A gnoll bouda (D:10)
  7 hell rats (Lair:5)
  5 iguanas
  Natasha (twice) (D:3)
  23 orc wizards
  2 lightning spires (WizLab)
  2 ogre zombies (Ossuary)
  4 naga skeletons
  An acid dragon skeleton (Crypt:3)
  7 adders
  18 gnolls
  A gnoll (shapeshifter) (Zot:2)
  2 shadow imps
  8 white imps
  4 ufetubi
  5 adder zombies (Ossuary)
  A worm (D:3)
  A dart slug (D:5)
  112 orcs
  4 ball pythons
  13 endoplasms
  4 giant cockroaches
  A gnoll zombie (Ossuary)
  7 goblins
  5 hobgoblins
  2 jackals (D:1)
  2 quokkas (D:1)
  5 bats
  2 frilled lizards (D:1)
  A gnoll skeleton (Crypt:3)
  2 goblin skeletons (D:7)
  4 goblin zombies
  4 hobgoblin zombies
  7 kobolds
  2 kobold skeletons (D:7)
  2 kobold zombies (D:7)
  2 orc skeletons (D:7)
  4 orc zombies
  8 rats
  A rat (shapeshifter) (Vaults:5)
  A rat skeleton (Crypt:3)
  A rat zombie (Crypt:3)
  2 ball lightnings (Pan)
  2 creeping infernos (Hell)
  6 fire vortices
  A lurking horror (Abyss:2)
  4 spectral weapons
  5 starspawn tentacles (Abyss:4)
3511 creatures vanquished.

Vanquished Creatures (others)
  A nargun (Coc:7)
  A fenstrider witch (Swamp:4)
  A fire giant (WizLab)
  A draconian annihilator (Pan)
  2 deep elf annihilators (Pan)
  A wendigo (Coc:2)
  2 white draconians
  A peacekeeper (Vaults:3)
  9 hydras
  3 juggernaut simulacra
  A deep elf knight (Elf:2)
  A quicksilver dragon simulacrum (Coc:5)
  2 swamp dragons (Swamp:4)
  A bog body (Crypt:2)
  A deep elf pyromancer (Elf:1)
  3 spriggan simulacra
  A lindwurm (Swamp:4)
  A deep elf zephyrmancer (Elf:3)
  A will-o-the-wisp (Swamp:4)
  Maurice (D:9)
  A titan simulacrum (Coc:2)
  An orange demon (Hell)
  A golden dragon simulacrum (Coc:7)
  3 bloated husks
  A hornet (Swamp:4)
  An iron dragon simulacrum (Coc:4)
  A spriggan (Swamp:4)
  A naga simulacrum (Coc:5)
  3 dire elephant simulacra
  A swamp drake (Swamp:4)
  An ettin simulacrum (Coc:2)
  A small abomination (Abyss:3)
  4 ball lightnings (Pan)
  26 foxfires
  165 spectral weapons
  7 starspawn tentacles
253 creatures vanquished.

Grand Total: 3764 creatures vanquished

Notes
Turn   | Place    | Note
-------+----------+-------------------------------------------
     0 | D:1      | wingedge the Minotaur Monk began the quest for the Orb.
     0 | D:1      | Reached XP level 1. HP: 19/19 MP: 0/0
   202 | D:1      | Reached XP level 2. HP: 21/27 MP: 1/1
   693 | D:1      | Found Zete Vea's General Store.
   835 | D:1      | Reached XP level 3. HP: 34/34 MP: 2/2
   859 | D:2      | Identified the "Nofuo"
  1140 | D:2      | Reached skill level 1 in Armour
  1242 | D:2      | Reached XP level 4. HP: 41/41 MP: 3/3
  1627 | D:3      | Noticed a shining eye
  1629 | D:3      | Found a faded altar of an unknown god.
  1637 | D:3      | Noticed a shining eye
  1637 | D:3      | Noticed an eye of devastation
  1637 | D:3      | Noticed an eye of devastation
  1656 | D:3      | Reached skill level 5 in Fighting
  1656 | D:3      | Reached skill level 5 in Axes
  1682 | D:3      | Upgraded the game from 0.31-a0-963-ga325b2283a to
                  | 0.31-a0-965-g8a8ce12e04
  1756 | D:1      | Bought the +0 scale mail "Soeh" {Will++ Regen+ Str-5 Int-2}
                  | for 123 gold pieces
  2206 | D:3      | Noticed Natasha
  2210 | D:3      | Killed Natasha
  2211 | D:3      | Reached XP level 5. HP: 45/48 MP: 4/4
  2349 | D:4      | Noticed a phantom
  2361 | D:4      | Killed a phantom
  2362 | D:4      | Reached XP level 6. HP: 56/57 MP: 5/5
  2380 | D:4      | Found a staircase to the Ecumenical Temple.
  2417 | Temple   | Entered the Ecumenical Temple
  2438 | Temple   | Became a worshipper of Warmaster Okawaru
  2438 | Temple   | Reached * piety under Okawaru
  2438 | Temple   | Reached ** piety under Okawaru
  2700 | D:4      | Reached skill level 1 in Invocations
  2734 | D:4      | Reached skill level 1 in Throwing
  2968 | D:5      | Entered Level 5 of the Dungeon
  2981 | D:5      | Reached XP level 7. HP: 63/63 MP: 7/7
  3119 | D:5      | Reached *** piety under Okawaru
  3165 | D:5      | Found a sand-covered staircase.
  3174 | Ossuary  | Entered an ossuary
  3266 | Ossuary  | Reached XP level 8. HP: 66/71 MP: 9/9
  3286 | Ossuary  | Reached skill level 5 in Armour
  3300 | Ossuary  | Upgraded the game from 0.31-a0-965-g8a8ce12e04 to
                  | 0.31-a0-968-g24f9ace8b5
  3307 | Ossuary  | Noticed a silent spectre
  3925 | D:6      | Found Benits's Elemental Accessories.
  4173 | D:6      | Found Plog's Neck Hole.
  4496 | D:6      | Reached XP level 9. HP: 71/81 MP: 11/11
  4587 | D:7      | Found a glowing golden altar of the Shining One.
  4871 | D:7      | Reached **** piety under Okawaru
  5156 | D:8      | Reached skill level 5 in Invocations
  5294 | D:8      | Noticed Psyche
  5297 | D:8      | Killed Psyche
  5466 | D:9      | Reached skill level 5 in Throwing
  5559 | D:9      | Reached XP level 10. HP: 65/90 MP: 13/13
  5867 | D:9      | Paralysed by a hornet for 1 turns
  5915 | D:9      | Noticed Erolcha
  5921 | D:9      | Killed Erolcha
  5921 | D:9      | Reached ***** piety under Okawaru
  5922 | D:9      | Reached skill level 5 in Dodging
  5923 | D:9      | Reached skill level 10 in Axes
  6026 | D:9      | Noticed Jeremiah
  6039 | D:9      | Killed Jeremiah
  6139 | D:9      | Noticed Maggie
  6152 | D:9      | Killed Maggie
  6208 | D:9      | Noticed Maurice
  6213 | D:9      | Maurice stole 431 gold
  6215 | D:9      | Maurice stole a +0 kite shield
  6216 | D:9      | Maurice stole 7 boomerangs
  6216 | D:9      | Maurice stole a +1 hand axe of freezing
  6217 | D:9      | Killed Maurice
  6414 | D:3      | Noticed Natasha
  6419 | D:3      | Killed Natasha
  6489 | D:1      | Bought a scroll of blinking for 90 gold pieces
  6489 | D:1      | Bought a scroll of fog for 48 gold pieces
  6489 | D:1      | Bought a potion of might for 48 gold pieces
  6628 | D:6      | Bought a scarf of repulsion for 144 gold pieces
  6769 | D:10     | Entered Level 10 of the Dungeon
  6862 | D:10     | Found a staircase to the Lair.
  7019 | D:10     | Noticed a two-headed ogre
  7042 | D:10     | Killed a two-headed ogre
  7335 | D:10     | Found a shadowy altar of Dithmenos.
  7335 | D:10     | Found a glowing silver altar of Zin.
  7391 | Lair:1   | Entered Level 1 of the Lair of Beasts
  7404 | Lair:1   | Reached XP level 11. HP: 85/99 MP: 15/15
  7405 | Lair:1   | Received a gift from Okawaru
  7534 | Lair:1   | Reached skill level 10 in Fighting
  7538 | Lair:1   | Reached ****** piety under Okawaru
  7576 | Lair:1   | Acquired the +7 broad axe of Zuihoaru {flame, +Blink rElec
                  | rF+ Will+}
  7576 | Lair:1   | Received a gift from Okawaru
  7586 | Lair:1   | Acquired the +0 pair of gloves "Luptis" {*Corrode rF+++
                  | Dex+3 SInv}
  7586 | Lair:1   | Received a gift from Okawaru
  7760 | Lair:1   | Noticed a catoblepas
  7771 | Lair:1   | Killed a catoblepas
  7772 | Lair:1   | Reached skill level 1 in Shields
  8329 | Lair:2   | Received a gift from Okawaru
  8600 | Lair:2   | Received a gift from Okawaru
  8601 | Lair:2   | Reached XP level 12. HP: 107/107 MP: 17/17
  9382 | Lair:3   | Found a staircase to the Snake Pit.
  9488 | Lair:3   | Reached skill level 5 in Shields
  9495 | Lair:3   | Reached skill level 1 in Evocations
  9602 | Lair:3   | Found a staircase to the Swamp.
  9793 | Lair:3   | Noticed a fire dragon
  9805 | Lair:3   | Killed a fire dragon
  9805 | Lair:3   | Received a gift from Okawaru
 10476 | Lair:4   | Received a gift from Okawaru
 10630 | Lair:4   | Found a dark tunnel.
 10638 | Volcano  | Entered a volcano
 10701 | Volcano  | Reached XP level 13. HP: 114/116 MP: 18/18
 10707 | Volcano  | Reached skill level 10 in Armour
 11042 | Lair:4   | Received a gift from Okawaru
 11489 | Lair:5   | Entered Level 5 of the Lair of Beasts
 11491 | Lair:5   | Found a viscous altar of Jiyva.
 11499 | Lair:5   | Found a staircase to the Slime Pits.
 11583 | Lair:5   | Received a gift from Okawaru
 11779 | Lair:5   | Found a gate leading to a gauntlet.
 11789 | Gauntlet | Entered a Gauntlet
 11789 | Gauntlet | Found a transporter.
 11798 | Gauntlet | Found a transporter.
 11802 | Gauntlet | Noticed a dire elephant
 11810 | Gauntlet | Found a transporter.
 11814 | Gauntlet | Found a transporter.
 11825 | Gauntlet | Found a transporter.
 11845 | Gauntlet | Found a transporter.
 11851 | Gauntlet | Found a transporter.
 11852 | Gauntlet | Found a transporter.
 11852 | Gauntlet | Found the +3 pair of gauntlets of War {Slay+5}
 11884 | Gauntlet | Found a transporter.
 11907 | Gauntlet | Found a transporter.
 11911 | Gauntlet | Found a transporter.
 11923 | Gauntlet | Found a transporter.
 12134 | Gauntlet | Identified the ring "Ehexa" {Wiz Will- rCorr Str+2}
 12150 | Gauntlet | Noticed a minotaur
 12162 | Gauntlet | Killed a minotaur
 12551 | Lair:5   | Received a gift from Okawaru
 12850 | Lair:5   | Reached XP level 14. HP: 111/126 MP: 20/20
 12871 | Lair:5   | Received a gift from Okawaru
 12994 | Arena    | Entered the Arena
 13138 | Lair:5   | Identified the staff "Bedip" {rElec rF+ Will+ Str-5 Air}
 13457 | Lair:5   | Reached skill level 15 in Axes
 13457 | Lair:5   | Reached skill level 10 in Invocations
 13833 | D:11     | Noticed Sonja
 13840 | D:11     | Killed Sonja
 14014 | D:11     | You fall into a shaft and drop 3 floors!
 14203 | D:14     | Received a gift from Okawaru
 14521 | D:13     | Reached skill level 5 in Evocations
 15108 | D:11     | Found a staircase to the Orcish Mines.
 16242 | D:12     | Received a gift from Okawaru
 16640 | Orc:1    | Entered Level 1 of the Orcish Mines
 16755 | Orc:1    | Noticed an orc warlord
 16794 | Orc:1    | Killed an orc warlord
 16922 | Orc:1    | Reached skill level 10 in Shields
 17242 | Orc:2    | Entered Level 2 of the Orcish Mines
 17302 | Orc:2    | Reached XP level 15. HP: 134/134 MP: 21/21
 17346 | Orc:2    | Found a staircase to the Elven Halls.
 17422 | Orc:2    | Found a shimmering altar of Xom.
 17453 | Orc:2    | Reached skill level 10 in Dodging
 17542 | Orc:2    | Found Atyacado's Magic Scroll Shop.
 17550 | Orc:2    | Bought a scroll of identify for 36 gold pieces
 17550 | Orc:2    | Bought a scroll of identify for 36 gold pieces
 17733 | Orc:2    | Received a gift from Okawaru
 18344 | Orc:2    | Gained mutation: Your flesh is cold resistant. (rC+) [a
                  | neqoxec]
 18345 | Arena    | Entered the Arena
 18404 | Orc:2    | Found Bunetz's Distillery.
 18407 | Orc:2    | Found Bavokov's General Store.
 18408 | Orc:2    | Found Ikkouf's Book Emporium.
 18409 | Orc:2    | Found Xoruotz's Distillery.
 18413 | Orc:2    | Bought a scroll of identify for 28 gold pieces
 18413 | Orc:2    | Bought a scroll of identify for 28 gold pieces
 18413 | Orc:2    | Identified 3 scrolls of acquirement
 18417 | Orc:2    | Bought a potion of heal wounds for 75 gold pieces
 18417 | Orc:2    | Bought a potion of berserk rage for 75 gold pieces
 18417 | Orc:2    | Bought a potion of lignification for 45 gold pieces
 18417 | Orc:2    | Bought 2 potions of heal wounds for 150 gold pieces
 18419 | Orc:2    | Bought a potion of heal wounds for 85 gold pieces
 18419 | Orc:2    | Bought a potion of haste for 170 gold pieces
 18419 | Orc:2    | Bought a potion of degeneration for 17 gold pieces
 18419 | Orc:2    | Bought a potion of resistance for 170 gold pieces
 18422 | Orc:2    | Acquired the ring of Linearity {rF+ rC++ Int-3 Dex+3 SInv}
 18428 | Orc:2    | Acquired a +2 heavy broad axe
 18430 | Orc:2    | Acquired a manual of Dodging
 18753 | D:13     | Noticed Kirke
 18785 | D:13     | Killed Kirke
 18786 | D:13     | Reached skill level 10 in Throwing
 18818 | D:13     | Received a gift from Okawaru
 18876 | D:13     | Found a gate to the Vaults.
 19912 | D:15     | Entered Level 15 of the Dungeon
 19916 | D:15     | Noticed Agnes
 19922 | D:15     | Killed Agnes
 20004 | D:15     | Found Uhoinia's General Store.
 20066 | D:15     | Bought a +0 tower shield for 63 gold pieces
 20066 | D:15     | Bought a scroll of identify for 28 gold pieces
 20348 | D:15     | Found a staircase to the Depths.
 20386 | D:15     | Received a gift from Okawaru
 20714 | D:15     | Reached XP level 16. HP: 145/145 MP: 23/23
 20739 | D:15     | Found an opulent altar of Gozag.
 21143 | Snake:1  | Entered Level 1 of the Snake Pit
 21249 | Snake:1  | Received a gift from Okawaru
 21545 | Snake:1  | Found a runed translucent door.
 21546 | Snake:1  | Found a shimmering altar of Xom.
 21546 | Snake:1  | Noticed Persephone's ghost (adept MiMo)
 21774 | Snake:1  | Identified the serpent talisman of Calculation {rN+ Str+4
                  | Int+3}
 21774 | Snake:1  | Noticed Aizul
 21778 | Arena    | Entered the Arena
 21787 | Arena    | Killed Aizul
 22114 | Snake:1  | You fall into a shaft and drop 1 floor!
 22160 | Snake:2  | Received a gift from Okawaru
 22722 | Snake:1  | Killed Persephone's ghost
 23000 | Snake:1  | Identified the +5 morningstar "Afigid" {vamp, *Noise rPois
                  | rC+ Str+6}
 23143 | Snake:2  | Received a gift from Okawaru
 23574 | Snake:2  | Found Zaid's Weapon Shoppe.
 23576 | Snake:2  | Found Keid's Magic Scroll Emporium.
 23579 | Snake:2  | Found Nunn's Antique Weapon Shoppe.
 24303 | Snake:3  | Reached skill level 15 in Fighting
 24428 | Snake:3  | Found Tiviasm's Jewellery Shop.
 24430 | Snake:3  | Found Cosiser's Book Shoppe.
 24431 | Snake:3  | Found Lyxid's Jewellery Shop.
 24436 | Snake:3  | Received a gift from Okawaru
 24464 | Snake:3  | Bought a ring of poison resistance for 340 gold pieces
 24758 | Snake:3  | Reached XP level 17. HP: 140/156 MP: 24/24
 25151 | Snake:3  | Identified the +12 long sword of Beuw {vamp, Fly rF+}
 25178 | Snake:3  | Received a gift from Okawaru
 25723 | Snake:4  | Entered Level 4 of the Snake Pit
 26254 | Snake:4  | Identified the serpent talisman of Qaotink {rElec MP+9}
 26730 | Snake:4  | Noticed a quicksilver dragon
 26739 | Snake:4  | Killed a quicksilver dragon
 26739 | Snake:4  | Received a gift from Okawaru
 26793 | Snake:4  | HP: 5/158 [nagaraja/poison arrow (21)]
 27311 | Snake:4  | Got a serpentine rune of Zot
 27564 | Snake:3  | Bought a ring of flight for 315 gold pieces
 27717 | Swamp:1  | Entered Level 1 of the Swamp
 27810 | Swamp:1  | Identified the +3 trident "Killer Klown's Peril"
                  | {antimagic, rPois rC+ Stlth+}
 28350 | Swamp:1  | Received a gift from Okawaru
 28759 | Swamp:2  | Identified the +10 falchion of Nemelex Xobeh {speed,
                  | Fragile rF+ rC++ Int-2 Stlth+}
 29379 | Swamp:3  | Found a glowing silver altar of Zin.
 29714 | Swamp:4  | Entered Level 4 of the Swamp
 29840 | Swamp:4  | Reached XP level 18. HP: 149/168 MP: 18/26
 30178 | Swamp:4  | Received a gift from Okawaru
 30632 | Swamp:4  | Identified the +1 leather armour of Mumotz {Rampage}
 30802 | Swamp:4  | Got a decaying rune of Zot
 31233 | Crypt:3  | Identified the "Qokaoxt"
 31233 | Elf:1    | Entered Level 1 of the Elven Halls
 31303 | Elf:1    | Found a radiant altar of Vehumet.
 31451 | Elf:1    | Found Reykaus's Antique Weapon Boutique.
 31815 | Elf:1    | Identified the +8 flail "Wofrudit" {speed, Fragile rPois
                  | Int+4}
 31885 | Elf:1    | Received a gift from Okawaru
 32155 | Elf:1    | Reached skill level 15 in Dodging
 32428 | Elf:2    | Received a gift from Okawaru
 32564 | Elf:2    | Found a frozen archway.
 32627 | IceCv    | Entered an ice cave
 32819 | IceCv    | Identified the -1 pair of gloves "Noelux" {rN+ Int+3
                  | Slay+2}
 32837 | IceCv    | Found an ancient bone altar of Kikubaaqudgha.
 32843 | IceCv    | Received a gift from Okawaru
 33026 | IceCv    | Noticed a lich
 33038 | IceCv    | Reached XP level 19. HP: 145/179 MP: 28/28
 33319 | Elf:2    | Reached skill level 10 in Evocations
 33525 | Elf:2    | Received a gift from Okawaru
 33652 | Elf:2    | Found a runed translucent gate.
 33653 | Elf:2    | Found a runed translucent gate.
 33653 | Elf:2    | Found a runed translucent gate.
 33805 | Elf:2    | Reached skill level 15 in Throwing
 34056 | Elf:2    | Received a gift from Okawaru
 34280 | Elf:3    | Identified the "Unnean"
 34280 | Elf:3    | Identified the "Wupraho"
 34280 | Elf:3    | Entered Level 3 of the Elven Halls
 34320 | Elf:3    | Found a magical portal.
 34323 | WizLab   | Entered Maxwell's Workshop
 34367 | WizLab   | Found the +15 Maxwell's patent armour {-Cast -Tele rElec
                  | Will+ rCorr}
 34368 | WizLab   | Found the +2 Maxwell's thermic engine {flame, freeze, rev}
 34386 | WizLab   | Identified the ring "Jiap" {Fire *Slow Str-2 Slay+5 Stlth+}
 34960 | WizLab   | Noticed an electric golem
 34969 | WizLab   | Killed an electric golem
 35054 | WizLab   | Identified the +7 hand axe of Light {freeze, Stlth+}
 35597 | Elf:3    | Received a gift from Okawaru
 36002 | Elf:3    | Paralysed by a Zot trap for 3 turns
 36123 | Elf:3    | Identified the staff "Hellblazer" {rPois rN+ Poison}
 36181 | Elf:3    | Identified the +6 dagger "Fyozefar" {spect, rElec Int+3}
 36514 | Elf:3    | Received a gift from Okawaru
 36523 | Elf:3    | Identified the +10 short sword of the Vine {protect, rF-
                  | Int+3 Dex+3}
 36543 | Elf:3    | Reached XP level 20. HP: 174/189 MP: 29/29
 36576 | Elf:3    | Identified the +2 double sword of Resumed Hostilities
                  | {flame, rPois}
 36870 | Elf:3    | Identified the ring of Ofra {Ice Drain Fly Dex+3}
 36906 | Elf:3    | Identified the +3 long sword "Bewur" {heavy, rPois Str+3
                  | Int+4}
 36956 | Elf:3    | Identified the +7 sling of Ragnarok {drain, rF- Will+++
                  | Int-3 SInv}
 36983 | Elf:3    | Identified the +2 war axe "Dattet" {flame, rN+ Str+2 Dex-2}
 37263 | Vaults:1 | Entered Level 1 of the Vaults
 37347 | Vaults:1 | Reached skill level 1 in Shapeshifting
 37635 | Vaults:1 | Found Ilaud's Weapon Emporium.
 37956 | Vaults:1 | Received a gift from Okawaru
 38424 | Vaults:1 | Noticed Asterion
 38437 | Vaults:1 | Killed Asterion
 39338 | Orc:2    | Bought a scroll of enchant weapon for 135 gold pieces
 39338 | Orc:2    | Bought a scroll of enchant weapon for 135 gold pieces
 39503 | Vaults:2 | Received a gift from Okawaru
 39513 | Vaults:2 | Reached skill level 15 in Armour
 39515 | Vaults:2 | Reached skill level 15 in Shields
 40104 | Vaults:2 | Reached skill level 5 in Shapeshifting
 41510 | Vaults:3 | Reached XP level 21. HP: 186/201 MP: 30/30
 41595 | Vaults:3 | Found Qaciopp's General Store.
 41663 | Vaults:3 | Bought a potion of cancellation for 120 gold pieces
 41771 | Vaults:3 | Found Zaptah Tiekh's Antique Weapon Boutique.
 41904 | Vaults:3 | Received a gift from Okawaru
 42055 | Vaults:3 | Found a staircase to the Crypt.
 43313 | Vaults:4 | Received a gift from Okawaru
 43841 | Vaults:4 | Found Amputesait's Assorted Antiques.
 43889 | Vaults:5 | Entered Level 5 of the Vaults
 43901 | Vaults:5 | Received a gift from Okawaru
 44352 | Vaults:5 | Received a gift from Okawaru
 44454 | Vaults:5 | Identified the amulet "Heoleuf" {Acrobat -Tele Str+3 Int+3}
 44462 | Vaults:5 | Reached XP level 22. HP: 186/213 MP: 31/31
 44506 | Vaults:5 | Reached skill level 10 in Shapeshifting
 44817 | Vaults:5 | Received a gift from Okawaru
 44835 | Vaults:5 | Identified the +0 buckler of Proximity {Str+8 Dex+2 Stlth-}
 45182 | Vaults:5 | Got a silver rune of Zot
 45503 | Vaults:5 | Identified the +9 great sword of Kismet {drain, rElec}
 45678 | Vaults:5 | Found the dreamshard necklace {Acrobat *Dream}
 45965 | Vaults:5 | Noticed a golden dragon
 45974 | Vaults:5 | Killed a golden dragon
 46475 | Zot:4    | Identified the "Emmie"
 46475 | Zot:5    | Identified the "Duig"
 46475 | Slime:1  | Entered Level 1 of the Pits of Slime
 47324 | Slime:3  | Received a gift from Okawaru
 47523 | Slime:4  | Noticed Dissolution
 47530 | Slime:4  | Killed Dissolution
 47603 | Slime:4  | Received a gift from Okawaru
 47604 | Slime:4  | Paralysed by a formless jellyfish for 1 turns
 48395 | Slime:3  | Received a gift from Okawaru
 48574 | Slime:5  | Entered Level 5 of the Pits of Slime
 48701 | Slime:5  | Found a viscous altar of Jiyva.
 48719 | Slime:5  | Reached XP level 23. HP: 136/225 MP: 32/32
 49007 | Slime:5  | Noticed the Royal Jelly
 49021 | Arena    | Entered the Arena
 49023 | Arena    | Killed the Royal Jelly
 49023 | Arena    | Received a gift from Okawaru
 49246 | Slime:5  | Identified the +9 broad axe of the Stopping Gods {venom,
                  | +Blink}
 49352 | Slime:5  | Identified the amulet "Qaabb" {Faith Will+ Stlth+}
 49356 | Slime:5  | Got a slimy rune of Zot
 49357 | Slime:5  | Identified the +0 pair of gloves "Kitazas" {Str+2}
 49483 | Slime:5  | Identified the +1 longbow "Xineba" {freeze, rC+ Str+2
                  | Int+3}
 49498 | Slime:5  | Identified the +3 leather armour of Hijony {Will+}
 49759 | Slime:5  | Identified the ring of Hyesen {rElec rF+ rC+ Stlth+}
 50113 | Depths:1 | Entered Level 1 of the Depths
 50169 | Depths:1 | Received a gift from Okawaru
 50479 | Depths:1 | Found a gateway to Hell.
 50556 | Depths:1 | Found a one-way gate leading to the halls of Pandemonium.
 51497 | Depths:2 | Found Eskedu's Overcharged Wands.
 51509 | Depths:2 | Received a gift from Okawaru
 51658 | Depths:2 | Found a one-way gateway to a ziggurat.
 51718 | Depths:2 | Found a corrupted altar of Lugonu.
 51718 | Depths:2 | Found a one-way gate to the infinite horrors of the Abyss.
 51772 | Depths:2 | Found Bikiashro's Magic Scroll Shop.
 51775 | Depths:2 | Found Leet's Distillery.
 51775 | Depths:2 | Found Tiekko's Antique Weapon Boutique.
 51783 | Depths:2 | Found Cucvopea's Armour Boutique.
 51795 | Depths:2 | Bought a potion of berserk rage for 60 gold pieces
 51929 | Depths:2 | Noticed Nikola
 51936 | Depths:2 | Killed Nikola
 52254 | Depths:3 | Noticed Mara
 52256 | Depths:3 | Noticed wingedge's illusion
 52265 | Depths:3 | Killed Mara
 52413 | Depths:3 | Noticed Vv
 52427 | Arena    | Entered the Arena
 52442 | Arena    | Killed Vv
 52727 | Depths:3 | Noticed a juggernaut
 52737 | Depths:3 | Killed a juggernaut
 52803 | Depths:3 | Received a gift from Okawaru
 53048 | Depths:3 | Reached XP level 24. HP: 155/239 MP: 32/32
 53613 | Depths:3 | Noticed Frederick
 53628 | Depths:3 | Killed Frederick
 53649 | Depths:3 | Received a gift from Okawaru
 54001 | Depths:4 | Entered Level 4 of the Depths
 54387 | Depths:4 | Received a gift from Okawaru
 54388 | Depths:4 | Noticed Mennas
 54409 | Depths:4 | Killed Mennas
 54944 | Depths:4 | Found a gate to the Realm of Zot.
 54995 | Depths:4 | Noticed Jory
 55010 | Depths:4 | Killed Jory
 55523 | Zot:1    | Entered Level 1 of the Realm of Zot
 55552 | Zot:1    | Received a gift from Okawaru
 56619 | Zot:1    | Received a gift from Okawaru
 57501 | Zot:2    | Reached XP level 25. HP: 254/254 MP: 32/32
 57613 | Zot:2    | Noticed a Killer Klown
 57614 | Zot:2    | Reached skill level 15 in Shapeshifting
 57627 | Zot:2    | Killed a Killer Klown
 57627 | Zot:2    | Received a gift from Okawaru
 57667 | Zot:2    | Noticed a Killer Klown
 57677 | Zot:2    | Killed a Killer Klown
 58405 | Zot:2    | Noticed a Killer Klown
 58421 | Zot:2    | Reached skill level 27 in Fighting
 58424 | Zot:2    | Killed a Killer Klown
 58656 | Zot:2    | Found a shimmering altar of Xom.
 58656 | Zot:2    | Found a shimmering altar of Xom.
 58658 | Zot:2    | Found a glowing silver altar of Zin.
 58672 | Zot:2    | Found a shimmering altar of Xom.
 58869 | Zot:2    | Received a gift from Okawaru
 59069 | D:15     | Noticed Louise
 59080 | D:15     | Killed Louise
 59225 | Vaults:3 | Bought a scroll of enchant armour for 112 gold pieces
 59438 | Depths:2 | Bought a scroll of enchant armour for 120 gold pieces
 59438 | Depths:2 | Bought a scroll of enchant armour for 120 gold pieces
 60196 | Zot:3    | Noticed a Killer Klown
 60206 | Zot:3    | Killed a Killer Klown
 60277 | Zot:3    | Noticed an orb of fire
 60279 | Zot:3    | Gained mutation: You have hidden genetic defects. [an orb
                  | of fire]
 60280 | Zot:3    | Gained mutation: You have large cloven feet. [an orb of
                  | fire]
 60282 | Zot:3    | Gained mutation: Your magical capacity is low. (-10% MP)
                  | [an orb of fire]
 60287 | Zot:3    | Killed an orb of fire
 60288 | Zot:3    | Lost mutation: Your magical capacity is low. (-10% MP)
                  | [potion of mutation]
 60288 | Zot:3    | Lost mutation: Your flesh is cold resistant. (rC+) [potion
                  | of mutation]
 60288 | Zot:3    | Lost mutation: You have large cloven feet. [potion of
                  | mutation]
 60288 | Zot:3    | Gained mutation: You occasionally shout uncontrollably at
                  | your foes. [potion of mutation]
 60288 | Zot:3    | Gained mutation: Your movements are slightly less
                  | encumbered by armour. (ER -2) [potion of mutation]
 60289 | Zot:3    | Lost mutation: You have hidden genetic defects. [potion of
                  | mutation]
 60289 | Zot:3    | Lost mutation: Your movements are slightly less encumbered
                  | by armour. (ER -2) [potion of mutation]
 60289 | Zot:3    | Lost mutation: You occasionally shout uncontrollably at
                  | your foes. [potion of mutation]
 60289 | Zot:3    | Gained mutation: You occasionally lose the ability to drink
                  | potions when taking damage. [potion of mutation]
 60290 | Zot:3    | Lost mutation: You occasionally lose the ability to drink
                  | potions when taking damage. [potion of mutation]
 60290 | Zot:3    | Gained mutation: Armour fits poorly on your strangely
                  | shaped body. [potion of mutation]
 60290 | Zot:3    | Gained mutation: You have hidden genetic potential. [potion
                  | of mutation]
 60290 | Zot:3    | Gained mutation: You are weak. (Str -2) [potion of
                  | mutation]
 60290 | Zot:3    | Noticed a Killer Klown
 60291 | Zot:3    | Lost mutation: You are weak. (Str -2) [potion of mutation]
 60291 | Zot:3    | Lost mutation: Armour fits poorly on your strangely shaped
                  | body. [potion of mutation]
 60291 | Zot:3    | Gained mutation: Your body sometimes deteriorates upon
                  | taking damage. [potion of mutation]
 60291 | Zot:3    | Gained mutation: Your mind is acute. (Int +4, Str/Dex -1)
                  | [potion of mutation]
 60292 | Zot:3    | Lost mutation: Your mind is acute. (Int +4, Str/Dex -1)
                  | [potion of mutation]
 60292 | Zot:3    | Lost mutation: You have hidden genetic potential. [potion
                  | of mutation]
 60292 | Zot:3    | Lost mutation: Your body sometimes deteriorates upon taking
                  | damage. [potion of mutation]
 60292 | Zot:3    | Gained mutation: You have sharp toenails. [potion of
                  | mutation]
 60304 | Zot:3    | Killed a Killer Klown
 60881 | Zot:3    | Noticed a Killer Klown
 60894 | Zot:3    | Killed a Killer Klown
 61307 | Zot:4    | Noticed an orb of fire
 61315 | Zot:4    | Gained mutation: You occasionally lose the ability to read
                  | scrolls when taking damage. [an orb of fire]
 61319 | Zot:4    | Killed an orb of fire
 61320 | Zot:4    | Lost mutation: You occasionally lose the ability to read
                  | scrolls when taking damage. [potion of mutation]
 61320 | Zot:4    | Lost mutation: You have sharp toenails. [potion of
                  | mutation]
 61320 | Zot:4    | Gained mutation: You are robust. (+10% HP) [potion of
                  | mutation]
 61320 | Zot:4    | Gained mutation: You passively dampen the noise of your
                  | surroundings. [potion of mutation]
 61400 | Zot:4    | Received a gift from Okawaru
 61857 | Zot:4    | Noticed a shard shrike
 61864 | Zot:4    | Killed a shard shrike
 62268 | Zot:4    | Received a gift from Okawaru
 62276 | Zot:4    | Reached XP level 26. HP: 292/292 MP: 32/32
 63228 | Depths:3 | Voluntarily entered the Abyss.
 63231 | Abyss:1  | Found a corrupted altar of Lugonu.
 63544 | Abyss:2  | Found a corrupted altar of Lugonu.
 63564 | Abyss:2  | Found a corrupted altar of Lugonu.
 63564 | Abyss:2  | Found a corrupted altar of Lugonu.
 63710 | Abyss:2  | Found a corrupted altar of Lugonu.
 63790 | Abyss:3  | Found a corrupted altar of Lugonu.
 63795 | Abyss:3  | Found a corrupted altar of Lugonu.
 63912 | Abyss:3  | Noticed an ancient lich
 63921 | Abyss:3  | Killed an ancient lich
 63921 | Abyss:3  | Received a gift from Okawaru
 63934 | Depths:3 | Escaped the Abyss
 63936 | Depths:3 | Voluntarily entered the Abyss.
 64440 | Abyss:4  | Gained mutation: You are dopey. (Int -2) [a neqoxec]
 64461 | Abyss:4  | Paralysed by accursed screaming for 2 turns
 64493 | Abyss:4  | Got an abyssal rune of Zot
 64534 | Depths:3 | Escaped the Abyss
 64804 | Crypt:1  | Entered Level 1 of the Crypt
 64910 | Crypt:1  | Received a gift from Okawaru
 66892 | Crypt:1  | Noticed Xtahua
 66900 | Crypt:1  | Killed Xtahua
 67368 | Crypt:2  | Identified the ring of Xom's Sleight of Hands {+Blink rCorr
                  | Str+6 Int+4 Dex-5}
 67946 | Crypt:2  | Received a gift from Okawaru
 68575 | Crypt:3  | Entered Level 3 of the Crypt
 68873 | Crypt:3  | Reached XP level 27. HP: 282/300 MP: 32/32
 68926 | Crypt:3  | Received a gift from Okawaru
 69077 | Crypt:3  | Found a staircase to the Tomb.
 69945 | Crypt:3  | Noticed a royal mummy
 69953 | Crypt:3  | Killed a royal mummy
 69954 | Crypt:3  | Found a basalt altar of Yredelemnul.
 69965 | Crypt:3  | Found an ancient bone altar of Kikubaaqudgha.
 70011 | Crypt:3  | Identified the amulet "Wumut" {RegenMP -Tele Fragile
                  | Will+++ Dex+5}
 70027 | Crypt:3  | Identified the +6 rapier of Bodily Harmony {heavy, *Noise
                  | Str+6}
 70763 | D:1      | Bought a potion of mutation for 96 gold pieces
 71056 | Orc:2    | Bought a potion of mutation for 136 gold pieces
 71296 | Depths:2 | Bought 2 potions of curing for 72 gold pieces
 71296 | Depths:2 | Bought a potion of heal wounds for 60 gold pieces
 71296 | Depths:2 | Bought a potion of haste for 120 gold pieces
 71296 | Depths:2 | Bought a potion of heal wounds for 60 gold pieces
 71333 | Tomb:3   | Identified the "Routz"
 71333 | Tomb:3   | Identified the "Etayd"
 71333 | Tar:7    | Identified the "Fytinud"
 71333 | Tar:7    | Identified the "Ageqamue"
 71333 | Tar:7    | Identified the "Fucluvee"
 71333 | Pan      | Entered Pandemonium
 71341 | Pan      | Lost mutation: You are robust. (+10% HP) [a cacodemon]
 71450 | Pan      | Identified the of Tuesuuz
 71889 | Pan      | Received a gift from Okawaru
 71916 | Pan      | HP: 1/273 [demonspawn warmonger/+4 demon trident of
                  | freezing (16)]
 71916 | Pan      | Saved by the dreamshard amulet
 72464 | Pan      | Gained mutation: You do not regenerate when monsters are
                  | visible. [a neqoxec]
 72574 | Pan      | Found a runed translucent door.
 72603 | Pan      | Noticed Foisch the pandemonium lord
 72619 | Arena    | Entered the Arena
 72629 | Arena    | Killed Foisch the pandemonium lord
 73155 | Pan      | Identified the "Naodamih"
 73172 | Pan      | Identified the "Cyixtugh"
 73442 | Pan      | Received a gift from Okawaru
 73448 | Pan      | Found a glowing silver altar of Zin.
 73935 | Pan      | Identified the +5 tower shield of Cajacap {-Tele Str+6
                  | Dex+2 SInv}
 74157 | Pan      | Identified the +4 tower shield "Mezeat" {rF+ Will++ Str+2}
 74927 | Pan      | Identified the +7 glaive of Ignis, Leaping {heavy, Fragile
                  | rF+ Int+3 SInv}
 74927 | Pan      | Noticed a seraph
 74929 | Arena    | Entered the Arena
 74939 | Arena    | Killed a seraph
 74965 | Pan      | Found a glowing golden altar of the Shining One.
 74988 | Pan      | Got a demonic rune of Zot
 74991 | Pan      | Identified the staff of the Blind Eye {rPois rN+ Int+5
                  | Dex-5 Poison}
 75834 | Pan      | Found a white marble altar of Elyvilon.
 76051 | Pan      | Received a gift from Okawaru
 76654 | Pan      | Identified the +9 tower shield of Somewhere Else {Str+3}
 77128 | Pan      | Reached skill level 15 in Invocations
 77395 | Pan      | Received a gift from Okawaru
 77860 | Pan      | Identified the +4 hand axe "Daverch" {venom, rC+ Will+
                  | Dex+3}
 78507 | Pan      | Noticed Hybaziw the pandemonium lord
 78519 | Pan      | Killed Hybaziw the pandemonium lord
 78658 | Pan      | Received a gift from Okawaru
 78708 | Pan      | Identified the "Cuaz"
 78708 | Pan      | Entered the realm of Cerebov.
 78804 | Pan      | Identified the +6 long sword "Worm's Wrath" {spect, +Blink
                  | rPois rC+ Str+3}
 78848 | Pan      | Found the +6 sword of Cerebov {flame}
 78848 | Pan      | Noticed Cerebov
 78870 | Arena    | Entered the Arena
 78881 | Arena    | Killed Cerebov
 78930 | Pan      | HP: 13/273 [sun demon (14)]
 78954 | Pan      | HP: 7/273 [balrug/divine providence (12)]
 79470 | Pan      | Identified the +4 short sword "Gaoff" {vamp, rF++ Stlth+}
 79477 | Pan      | Identified the ring of Vuodecuu {rPois rCorr Str-3 Int-5
                  | Slay+6}
 79485 | Pan      | Identified the +12 crystal plate armour "Lyeffin" {rElec}
 79710 | Pan      | Identified the +9 plate armour of Yesterday {Str+4 Stlth-}
 79916 | Pan      | Got a fiery rune of Zot
 79966 | Pan      | Entered the realm of Gloorx Vloq.
 80098 | Pan      | Identified the granite talisman of Xaurev {Str+2}
 80201 | Pan      | Found an exit through the horrors of the Abyss.
 80343 | Pan      | Received a gift from Okawaru
 80992 | Pan      | Noticed Gloorx Vloq
 80993 | Arena    | Entered the Arena
 81001 | Arena    | Killed Gloorx Vloq
 81346 | Pan      | Got a dark rune of Zot
 81358 | Pan      | Received a gift from Okawaru
 81474 | Pan      | Entered the realm of Mnoleg.
 81497 | Pan      | Gained mutation: You have sharp fingernails. [a neqoxec]
 81499 | Pan      | Gained mutation: You occasionally lose the ability to read
                  | scrolls when taking damage. [a neqoxec]
 81507 | Pan      | Lost mutation: You occasionally lose the ability to read
                  | scrolls when taking damage. [potion of mutation]
 81507 | Pan      | Lost mutation: You passively dampen the noise of your
                  | surroundings. [potion of mutation]
 81507 | Pan      | Lost mutation: You do not regenerate when monsters are
                  | visible. [potion of mutation]
 81507 | Pan      | Gained mutation: You are vulnerable to cold. (rC-) [potion
                  | of mutation]
 81507 | Pan      | Gained mutation: You are strong-willed. (Will+) [potion of
                  | mutation]
 81507 | Pan      | Gained mutation: You have a pair of large horns on your
                  | head. [potion of mutation]
 81507 | Pan      | Gained mutation: You are partially covered in iridescent
                  | scales. (AC +2) [potion of mutation]
 81561 | Pan      | Acquired the scarf of Xoazxoir {harm, rElec rC+ Int+3}
 81855 | Pan      | Gained mutation: Your natural rate of healing is unusually
                  | fast. [a cacodemon]
 82172 | Pan      | Gained mutation: You are occasionally teleported next to
                  | monsters. [a neqoxec]
 82178 | Pan      | Lost mutation: Your natural rate of healing is unusually
                  | fast. [potion of mutation]
 82178 | Pan      | Lost mutation: You have a pair of large horns on your head.
                  | [potion of mutation]
 82178 | Pan      | Lost mutation: You are dopey. (Int -2) [potion of mutation]
 82178 | Pan      | Gained mutation: You are mostly covered in iridescent
                  | scales. (AC +4) [potion of mutation]
 82179 | Pan      | Lost mutation: You are vulnerable to cold. (rC-) [potion of
                  | mutation]
 82179 | Pan      | Lost mutation: You are occasionally teleported next to
                  | monsters. [potion of mutation]
 82179 | Pan      | Gained mutation: You have supernaturally acute eyesight.
                  | (SInv) [potion of mutation]
 82179 | Pan      | Gained mutation: Your movements are slightly less
                  | encumbered by armour. (ER -2) [potion of mutation]
 82217 | Pan      | Noticed Mnoleg
 82218 | Arena    | Entered the Arena
 82232 | Arena    | Killed Mnoleg
 82275 | Pan      | Gained mutation: You are frail. (-10% HP) [a neqoxec]
 82325 | Pan      | Got a glowing rune of Zot
 82340 | Pan      | Received a gift from Okawaru
 82465 | Pan      | Found a runed translucent door.
 82475 | Pan      | Entered the realm of Lom Lobon.
 83015 | Pan      | Noticed Lom Lobon
 83039 | Arena    | Entered the Arena
 83040 | Arena    | HP: 11/245 [Lom Lobon/vortex (7)]
 83048 | Arena    | Killed Lom Lobon
 83361 | Pan      | Got a magical rune of Zot
 83874 | Pan      | Received a gift from Okawaru
 83983 | Arena    | Entered the Arena
 84518 | Pan      | Noticed Qularudo the pandemonium lord
 84530 | Pan      | Killed Qularudo the pandemonium lord
 84675 | Pan      | Gained mutation: Your spells are a little easier to cast,
                  | but a little less powerful. [a neqoxec]
 84863 | Pan      | Found an exit through the horrors of the Abyss.
 84932 | Depths:2 | Escaped Pandemonium
 85065 | Hell     | Entered the Vestibule of Hell
 85065 | Hell     | Noticed Geryon
 85076 | Hell     | Killed Geryon
 85195 | Hell     | Found a gateway to the decaying netherworld of Tartarus.
 85250 | Hell     | Found a gateway to the ashen valley of Gehenna.
 85515 | Hell     | Found a gateway to the Iron City of Dis.
 85633 | Hell     | Found a gateway to the freezing wastes of Cocytus.
 85885 | Coc:1    | Entered Level 1 of Cocytus
 86197 | Coc:2    | Paralysed by a wendigo for 1 turns
 86604 | Coc:3    | Noticed an ancient lich
 86617 | Coc:3    | Killed an ancient lich
 87126 | Coc:4    | Received a gift from Okawaru
 87132 | Arena    | Entered the Arena
 87166 | Coc:4    | HP: 5/224 [shard shrike (16)]
 87765 | Coc:5    | Noticed an ancient lich
 87765 | Coc:5    | Noticed an ancient lich
 87765 | Coc:5    | Noticed a dread lich
 87765 | Coc:5    | Noticed an ancient lich
 87765 | Coc:5    | Noticed a dread lich
 87778 | Coc:5    | Killed an ancient lich
 87789 | Coc:5    | Killed a dread lich
 87791 | Coc:5    | Killed an ancient lich
 87795 | Coc:5    | Killed a dread lich
 87798 | Coc:5    | Killed an ancient lich
 87816 | Coc:5    | HP: 4/245 [wendigo/seracfall (28)]
 87816 | Coc:5    | HP: 1/245 [wendigo (3)]
 87820 | Coc:5    | Paralysed by a wendigo for 1 turns
 88491 | Coc:6    | Noticed a dread lich
 88501 | Coc:6    | Killed a dread lich
 88773 | Coc:7    | Entered Level 7 of Cocytus
 88775 | Coc:7    | Paralysed by a wendigo for 1 turns
 88788 | Coc:7    | Paralysed by a wendigo for 1 turns
 88791 | Coc:7    | Received a gift from Okawaru
 89128 | Coc:7    | Reached skill level 27 in Throwing
 90014 | Coc:7    | Received a gift from Okawaru
 90182 | Coc:7    | HP: 3/245 [wendigo (18)]
 90184 | Coc:7    | Mangled by a shard shrike

Illustrated notes

Levels and vault maps discovered:
D:1:      dpeg_arrival_connections, layout_basic, serial_shops,
          nicolae_shop_behind_doors
D:2:      layout_basic, kennysheep_generic_room_10
D:3:      layout_loops_cross, hellmonk_ecumenical_altar_watching_god,
          uniq_natasha
D:4:      layout_cave_pools, minmay_temple_entry_junction_2, minmay_circle_x
D:5:      layout_basic, lightli_ossuary_entry_decrepit_ruins, minmay_between
D:6:      layout_cave_pools, nicolae_elemental_shop,
          nicolae_shop_sticking_my_neck_out
D:7:      layout_rooms, nicolae_tso_besieged_by_evil
D:8:      layout_basic, uniq_psyche
D:9:      layout_gridville, uniq_maurice, uniq_erolcha, uniq_maggie,
          uniq_jeremiah
D:10:     layout_cave_pools, gammafunk_temple_overflow_elements,
          lair_entry_dummy
D:11:     layout_basic, david_orc_5, uniq_sonja
D:12:     layout_grid_maze
D:13:     layout_gridville, grunt_vaults_entry_fortified, uniq_kirke
D:14:     layout_loops_ring, serial_park_paths [serial_park_minivault_5x5_3],
          st_stairs_2, lemuel_flamethrower_3
D:15:     gammafunk_depths_entry_grave, layout_rooms, serial_shops,
          nicolae_shop_behind_doors, minivault_26, serial_demonic,
          serial_demonic_b, serial_demonic_d, serial_demonic_f,
          serial_demonic_c, serial_demonic_d, serial_demonic_f,
          serial_demonic_b, serial_demonic_a, serial_demonic_e,
          serial_demonic_d, minivault_24, grunt_gozag_breadcrumbs, uniq_louise,
          uniq_agnes
Temple:   hellmonk_temple_of_storms
Lair:1:   layout_cave_pods, minmay_holes, lemuel_fruit_fields
Lair:2:   layout_chaotic_city
Lair:3:   dragon1_lemuel, layout_gridlike, skrybe_swamp_entry_bodies,
          alex1729_snake_entry_snake, beast_lair_carwin_11
Lair:4:   layout_misc_corridors, enter_volcano_2
Lair:5:   evilmike_catoblepas_cave, layout_layer_cave, slime_entry_1,
          gauntlet_entry_generic, hangedman_lair_generics_rect
Swamp:1:  layout_basic_swamp, nicolae_swamp_very_dense_foliage,
          infiniplex_staircase_pool
Swamp:2:  layout_basic_swamp, nicolae_swamp_oxbows
Swamp:3:  layout_falls_marsh, lemuel_altar_in_water2
Swamp:4:  swamp_alternative, layout_basic_swamp, swamp_pool1, grunt_witch_cave,
          infiniplex_staircase_pool_2
Snake:1:  layout_rooms, ebering_ghost_xom, lemuel_fruit_tree,
          grunt_megastairs_3, uniq_aizul
Snake:2:  layout_onion_interference, serial_bayou_shore_b, minmay_shop_star,
          serial_bayou_shore_a
Snake:3:  nicolae_snake_unarmed_stairs_patrol, layout_concentric_octagons,
          st_stairs_4, minmay_shop_grove
Snake:4:  hellmonk_snake_rune_quicksilver_temple, layout_gridlike,
          nicolae_large_snake_swirl
Slime:1:  layout_caves
Slime:2:  layout_caves
Slime:3:  layout_caves
Slime:4:  nicolae_slime_jelly_donut, layout_caves, special_room
          [special_room_jelly], dissolution_awaits
Slime:5:  slime_pit_nicolae_inversion
Orc:1:    layout_caves, nicolae_orc_rockfall
Orc:2:    st_orc_pillars, layout_diamond_mine, basic_altar, serial_shops, shop,
          lemuel_statue_altar
Elf:1:    eino_elf_arrival_altar, layout_loops_corners, serial_shops, shop,
          kennysheep_underground_church, eino_tiny_chamber, hex_tiny
Elf:2:    nicolae_elf_blades_crystal_corner, layout_geoelf_octagon,
          portal_ice_cave_entry_pillars_2
Elf:3:    elf_hall, layout_loops_corners, mu_enter_wizlab_7
Vaults:1: nicolae_vaults_twisting_passages, nicolae_vaults_cochlea,
          ontoclasm_vaults_shuriken, nicolae_vaults_stairing_the_circle,
          vaults_dpeg_encased_lava, nicolae_vaults_shelves_hall,
          nicolae_vaults_inception_statues,
          nicolae_vaults_taking_the_gang_shopping, vaults_dpeg_emergency_exit,
          nicolae_vaults_loss_of_containment, nicolae_vaults_little_ls,
          vaults_dpeg_ring, nicolae_vaults_heart-shaped_vault,
          vaults_dpeg_hooks, nicolae_vaults_diamond_1, hangedman_vaults_slice,
          layout_vaults_omnicross, uniq_asterion
Vaults:2: nicolae_vaults_mini_display_case, nicolae_vaults_heart-shaped_vault,
          v_misc_12, nicolae_vaults_little_squares_6,
          nicolae_vaults_hallways_thing, hangedman_vaults_restitches,
          v_alt_pattern_3, vaults_room_hallway,
          nicolae_vaults_closet_pinwheel_6, layout_vaults_chaotic_city
Vaults:3: nicolae_vaults_variable_pillar_hall_cross,
          nicolae_vaults_double_plus_2, vaults_mumra_minichess,
          nicolae_vaults_wine_cellar, vaults_room_door_hall,
          vaults_mumra_hexcomb, nicolae_vaults_trapezoid_lopsided_1,
          layout_vaults_omnigrid, serial_shops, nicolae_shop_just_a_little_nook,
          shop, uniq_margery
Vaults:4: nicolae_vaults_shrinking_rooms_2, nicolae_vaults_little_squares_6,
          nicolae_vaults_big_angled_halls, nicolae_vaults_weapon_check,
          grunt_vaults_hallway_short, grunt_vaults_trifunnel,
          nicolae_vaults_apartment_1, nicolae_vaults_border_crossing,
          hangedman_vaults_corner_blocks, v_misc_27,
          nicolae_vaults_network_barrier, nicolae_vaults_murder_corner,
          ontoclasm_vaults_twist, vaults_room_pools, nicolae_vaults_house_2,
          layout_vaults_omnibox, serial_shops, nicolae_shop_crystal
Vaults:5
Crypt:1:  layout_chaotic_city, uniq_xtahua
Crypt:2:  hangedman_staggered_hall, layout_basic, hangedman_weighted_door
Crypt:3:  lightli_unholy_cathedral, layout_chaotic_city, minivault_5,
          nicolae_crypt_ancient_font, grunt_ministairs_9
Depths:1: layout_gridlike, pan_entry, grunt_decor_one_mirror, lightli_too_deep,
          nicolae_letterblocks [nicolae_letter_subblock,
          nicolae_letter_subblock, nicolae_letter_subblock,
          nicolae_letter_subblock, nicolae_letter_subblock,
          nicolae_letter_subblock, nicolae_letter_subblock,
          nicolae_letter_subblock, nicolae_letter_subblock,
          nicolae_letter_subblock, nicolae_letter_subblock,
          nicolae_letter_subblock, nicolae_letter_subblock,
          nicolae_letter_subblock, nicolae_letter_subblock,
          nicolae_letter_subblock, nicolae_letter_subblock,
          nicolae_letter_subblock, nicolae_letter_subblock,
          nicolae_letter_subblock, nicolae_letter_subblock,
          nicolae_letter_subblock, nicolae_letter_subblock,
          nicolae_letter_subblock, nicolae_letter_subblock]
Depths:2: constructs_gauntlet_mu_hangedman, layout_twisted_cross,
          enter_ziggurat_b, hell_entry, abyss_entry_flame_altar,
          serial_sigils_hangedman_confine, rand_demon_pan_entry_5,
          nicolae_shop_overcharged_wands, minmay_shoptagon, uniq_enchantress,
          uniq_nikola
Depths:3: hangedman_stitches_corridor, layout_cave_pools, hell_entry,
          rand_demon_pan_entry_3, hangedman_abyss_entry_splay, uniq_boris,
          uniq_vv, uniq_mara, uniq_frederick
Depths:4: grunt_zot_entry_tricorne, layout_cave_pools,
          chequers_serial_rivers_micro_e, hell_entry, uniq_mennas, uniq_jory
Hell
Coc:1:    layout_cocytus_water_paths
Coc:2:    layout_cocytus_water_paths
Coc:3:    layout_cocytus_water_paths
Coc:4:    layout_cocytus_water_paths
Coc:5:    layout_ice_bergs, nicolae_coc_liches_on_tour
Coc:6:    layout_cocytus_delve
Coc:7:    coc_grunt_cove [coc_grunt_cove_antaeus, coc_grunt_cove_fiend,
          coc_grunt_cove_fiend, coc_grunt_cove_fiend, coc_grunt_cove_fiend]
Zot:1:    layout_basic, hangedman_zot_diagonal_lockstep
Zot:2:    dreamdust_zin_vs_xom, layout_basic, grunt_ministairs_5
Zot:3:    circus_mu, layout_twisted_circle, zot_minivault_4
Zot:4:    layout_gridlike, hangedman_zot_spectrum

Skill      XL: |  1  2  3  4  5  6  7  8  9 10 11 12 13 14 15 16 17 18 19 20 21 22 23 24 25 26 27 |
---------------+----------------------------------------------------------------------------------+-----
Fighting       | 4 5 6 8 9 10 11 12 13 15 16 18 20 21 22 24 26 27 | 27.0
Axes           | 4 5 6 8 9 10 12 13 14 16 17 18 | 18.0
Armour         | 1 2 3 4 6 7 8 9 10 11 12 13 15 17 19 20 21 24 | 24.4
Invocations    | 1 3 4 5 7 8 9 10 11 12 13 14 15 | 15.0
Throwing       | 1 2 4 5 6 7 8 9 10 11 12 14 16 27 | 27.0
Dodging        | 4 5 7 8 9 11 12 14 15 16 17 21 | 21.3
Shields        | 4 7 8 10 11 12 13 15 16 17 18 24 | 24.3
Evocations     | 2 4 5 6 7 8 9 10 | 10.0
Shapeshifting  | 6 9 11 12 14 17 21 23 | 23.0

Action                     |  1- 3 |  4- 6 |  7- 9 | 10-12 | 13-15 | 16-18 | 19-21 | 22-24 | 25-27 || total
---------------------------+-------+-------+-------+-------+-------+-------+-------+-------+-------++-------
  Melee: Hand axe          |    68 |    90 |   209 |     8 |       |       |       |       |       ||   375
         Headbutt          |    13 |    25 |    77 |    75 |   204 |   294 |   294 |   358 |  1125 ||  2465
         Battleaxe         |       |       |    90 |   113 |       |       |       |       |       ||   203
         Broad axe         |       |       |       |   219 |   841 |  1227 |   897 |   985 |  2955 ||  7124
         Kick              |       |       |       |       |       |       |       |       |    42 ||    42
  Throw: Boomerang         |       |       |       |    18 |    25 |       |     7 |    20 |    71 ||   141
         Javelin           |       |       |       |       |     8 |    25 |    20 |    30 |   268 ||   351
         Throwing net      |       |       |       |       |       |       |       |       |     1 ||     1
 Invoke: Heroism           |       |       |     3 |     8 |    10 |     7 |     6 |     9 |    10 ||    53
         Receive Weapon    |       |       |       |     1 |       |       |       |       |       ||     1
         Receive Armour    |       |       |       |     1 |       |       |       |       |       ||     1
         Finesse           |       |       |       |     2 |     6 |     6 |     3 |     4 |    12 ||    33
         Duel              |       |       |       |       |     2 |     1 |       |     2 |     8 ||    13
Ability: Evoke Blink       |       |       |       |       |     1 |     1 |       |       |       ||     2
         Begin Untransform |       |       |       |       |       |       |       |       |     3 ||     3
  Evoke: Lightning rod     |       |       |       |       |       |       |       |     4 |       ||     4
         Wand              |       |       |       |       |       |       |       |       |     3 ||     3
    Use: Scroll            |       |     2 |     4 |     4 |    23 |     9 |    10 |     3 |    42 ||    97
         Potion            |       |       |       |       |     1 |     9 |     2 |     2 |    57 ||    71
   Stab: Petrified         |       |       |       |       |     3 |       |       |       |       ||     3
         Distracted        |       |       |       |       |     1 |     1 |    15 |    31 |    76 ||   124
 Armour: Robe              |    29 |       |       |       |       |       |       |       |       ||    29
         Ring mail         |     6 |     3 |       |       |       |       |       |       |       ||     9
         Scale mail        |       |    44 |   174 |   146 |     2 |       |       |       |       ||   366
         Chain mail        |       |       |       |    60 |   181 |       |       |       |       ||   241
         Plate armour      |       |       |       |       |    99 |   515 |   371 |   407 |   143 ||  1535
         Skin              |       |       |       |       |       |       |       |     1 |       ||     1
         Gold dragon scale |       |       |       |       |       |       |       |       |   717 ||   717
         Crystal plate arm |       |       |       |       |       |       |       |       |   410 ||   410
  Dodge: Dodged            |    35 |    38 |   259 |   316 |   252 |   331 |   219 |   339 |   899 ||  2688
         Repelled          |       |       |       |     5 |     5 |    37 |    19 |    26 |    21 ||   113
  Block: Kite shield       |       |       |       |   134 |   462 |   905 |   700 |   556 |   956 ||  3713
         Reflection        |       |       |       |     5 |    26 |    84 |   112 |       |       ||   227
         Tower shield      |       |       |       |       |    83 |   131 |       |       |  1343 ||  1557
   Form: Statue            |       |       |       |       |       |       |       |       |     3 ||     3

Table legend: (Time is in decaauts)
 A = Elapsed time spent in this place.
 B = Non-inter-level travel time spent in this place.
 C = Inter-level travel time spent in this place.
 D = Time resting spent in this place.
 E = Time spent auto-exploring this place.
 F = Levels seen in this place.
 G = Mean time per level.
                   A        B        C        D        E       F      G
               +--------+--------+--------+--------+--------+-----+--------+
         Total |  88443 |  81610 |   6833 |  18987 |  40014 | 101 |  875.7 |
       Dungeon |  14137 |  11554 |   2583 |    928 |   7737 |  15 |  942.5 |
        Temple |     42 |      2 |     40 |      0 |      0 |   1 |   42.0 |
          Lair |   6174 |   5576 |    598 |    901 |   3548 |   5 | 1234.8 |
         Swamp |   3245 |   3075 |    170 |    734 |   1680 |   4 |  811.2 |
     Snake Pit |   6331 |   6104 |    227 |   2194 |   2742 |   4 | 1582.8 |
    Slime Pits |   3332 |   3112 |    220 |    583 |   1793 |   5 |  666.4 |
  Orcish Mines |   2253 |   1928 |    325 |    317 |   1017 |   2 | 1126.5 |
   Elven Halls |   4354 |   4135 |    219 |    740 |   2361 |   3 | 1451.3 |
        Vaults |   9217 |   8330 |    887 |   1137 |   5712 |   5 | 1843.4 |
         Crypt |   4823 |   4603 |    220 |    990 |   2599 |   3 | 1607.7 |
        Depths |   6293 |   5581 |    712 |   1471 |   3118 |   4 | 1573.2 |
          Hell |    762 |    744 |     18 |    104 |    296 |   1 |  762.0 |
       Cocytus |   4151 |   4056 |     95 |   2146 |   1061 |   7 |  593.0 |
           Zot |   6755 |   6240 |    515 |   1313 |   3615 |   4 | 1688.8 |
         Abyss |   1238 |   1238 |      0 |      6 |      2 |   5 |  247.6 |
   Pandemonium |  12863 |  12863 |      0 |   5013 |   1955 |  15 |  857.5 |
       Ossuary |    172 |    172 |      0 |      3 |     16 |   1 |  172.0 |
      Ice Cave |    575 |    575 |      0 |     72 |    309 |   1 |  575.0 |
       Volcano |    218 |    218 |      0 |      0 |      0 |   1 |  218.0 |
        Wizlab |    781 |    781 |      0 |     42 |    424 |   1 |  781.0 |
      Gauntlet |    406 |    406 |      0 |    137 |     28 |   1 |  406.0 |
         Arena |    310 |    310 |      0 |    151 |      0 |  13 |   23.8 |
               +--------+--------+--------+--------+--------+-----+--------+

Top non-repeatable levels by time:
Vaults:5: 2242 daAuts
Vaults:1: 1976 daAuts
Depths:3: 1969 daAuts
   Elf:3: 1946 daAuts
   Zot:2: 1905 daAuts
Vaults:2: 1856 daAuts
   Zot:1: 1830 daAuts
   Zot:4: 1789 daAuts
Vaults:3: 1775 daAuts
  Lair:5: 1773 daAuts
 Crypt:3: 1764 daAuts
 Snake:4: 1752 daAuts
Depths:4: 1684 daAuts
 Crypt:2: 1629 daAuts
  Lair:3: 1551 daAuts
